 Dungeon Crawl Stone Soup version 0.29-a0-317-gd16b76e6b1 (webtiles) character file.

Game seed: 9514175776984807856

114 kae the Firebug (level 4, -15/25 HPs)
             Began as a Tengu Fire Elementalist on Mar 30, 2022.
             Killed from afar by an oklob sapling (19 damage)
             ... with a splash of acid
             ... on level 4 of the Dungeon.
             The game lasted 00:01:55 (3426 turns).

kae the Firebug (Tengu Fire Elementalist)           Turns: 3426, Time: 00:01:56

Health: -15/25     AC:  2    Str:  8    XL:     4   Next: 97%
Magic:  17/17      EV: 16    Int: 17    God:
Gold:   174        SH:  3    Dex: 15    Spells: 4/7 levels left

rFire   . . .      SeeInvis .   c - +1 dagger
rCold   . . .      Faith    .   t - +0 buckler
rNeg    . . .      Spirit   .   a - +0 robe
rPois   .          Reflect  .   (helmet restricted)
rElec   .          Harm     .   e - +0 cloak
rCorr   .          Rampage  .   k - +2 pair of gloves
Will    .....                   (boots unavailable)
Stlth   ++........              (no amulet)
HPRegen 0.08/turn               j - ring of magical power
MPRegen 0.15/turn               h - +4 ring of evasion

@: corroded
A: beak, talons 3
a: no special abilities


You were on level 4 of the Dungeon.
You visited 1 branch of the dungeon, and saw 4 of its levels.

You collected 174 gold pieces.

Inventory:

Hand Weapons
 c - a +1 dagger (weapon)
Armour
 a - a +0 robe (worn)
 e - a +0 cloak (worn)
 k - a +2 pair of gloves (worn)
 t - a +0 buckler (worn)
Jewellery
 d - a ring of positive energy
 h - a +4 ring of evasion (right hand)
 j - a ring of magical power (left hand)
 m - a +4 ring of evasion
Wands
 n - a wand of digging (5)
Scrolls
 l - 2 scrolls of teleportation
Potions
 b - a potion of magic
 f - 4 potions of curing
 g - a potion of brilliance
 i - a potion of mutation {unknown}
 o - a potion of lignification {unknown}
 p - a potion of berserk rage {unknown}
 q - a potion of invisibility {unknown}
 r - a potion of heal wounds {unknown}


   Skills:
 + Level 1.2 Fighting
 + Level 1.5 Armour
 + Level 2.9 Dodging
 - Level 2.0 Stealth
 + Level 2.3 Spellcasting
 + Level 2.4 Conjurations
 * Level 4.3 Fire Magic


You had 4 spell levels left.
You knew the following spells:

 Your Spells              Type           Power      Damage    Failure   Level
a - Foxfire               Conj/Fire      52%        2x1d6     6%          1
b - Scorch                Fire           32%        2d7       6%          2

Your spell library contained the following spells:

 Spells                   Type           Power      Damage    Failure   Level
 Conjure Flame            Conj/Fire      13%        6-21      19%         3
 Apportation              Tloc           4%         N/A       26%         1
 Pain                     Necr           8%         1d4       26%         1
 Summon Small Mammal      Summ           8%         N/A       26%         1
 Inner Flame              Hex/Fire       9%         N/A       30%         3
 Blink                    Tloc           4%         N/A       36%         2
 Ensorcelled Hibernation  Hex/Ice        4%         N/A       36%         2
 Ignite Poison            Fire/Tmut/Pois 6%         N/A       38%         3
 Mephitic Cloud           Conj/Pois/Air  4%         N/A       50%         3
 Flame Wave               Conj/Fire      13%        2d6       52%         4
 Lesser Beckoning         Tloc           2%         N/A       58%         3
 Spider Form              Tmut/Pois      2%         N/A       58%         3
 Tukima's Dance           Hex            2%         N/A       58%         3
 Anguish                  Hex/Necr       1%         N/A       94%         4
 Freezing Cloud           Conj/Ice/Air   2%         6-21      99%         5
 Agony                    Necr           2%         N/A       100%        5
 Alistair's Intoxication  Tmut/Pois      1%         N/A       100%        5
 Excruciating Wounds      Necr           1%         N/A       100%        5
 Manifold Assault         Tloc           2%         N/A       100%        5
 Enfeeble                 Hex            1%         N/A       100%        7


Dungeon Overview and Level Annotations

Branches:
Dungeon (4/15)             Temple (0/1) D:4

Altars:

Annotations:
D:3 1 runed translucent door, Crazy Yiuf
D:4 2 runed translucent doors, exclusion: oklob sapling, kae's ghost, novice TeFE


Innate Abilities, Weirdness & Mutations

You have a beak for a mouth.
You have claws for feet.


Message History

Casting: Foxfire (safe; 6% risk of failure)
Confirm with . or Enter, or press ? or * to list all spells.
You conjure some foxfire!
Casting: Foxfire (safe; 6% risk of failure)
Confirm with . or Enter, or press ? or * to list all spells.
You don't have enough magic to cast this spell.
Casting: Foxfire (safe; 6% risk of failure)
Confirm with . or Enter, or press ? or * to list all spells.
You don't have enough magic to cast this spell.
Casting: Foxfire (safe; 6% risk of failure)
Confirm with . or Enter, or press ? or * to list all spells.
You don't have enough magic to cast this spell.
Casting: Foxfire (safe; 6% risk of failure)
Confirm with . or Enter, or press ? or * to list all spells.
You don't have enough magic to cast this spell.
Casting: Foxfire (safe; 6% risk of failure)
Confirm with . or Enter, or press ? or * to list all spells.
You don't have enough magic to cast this spell.
An oklob sapling is nearby!
You see here an adder skeleton.
You start resting.
Magic restored.
Really walk into a travel-excluded area?
You see here a brown potion.
r - a brown potion You hit the plant.
The plant begins to die.
You claw the plant, but do no damage.
The plant is lightly damaged.
You hit the plant. You claw the plant. You peck the plant.
The plant is lightly damaged.
A nearby plant withers and dies.
The oklob sapling spits acid at you. The splash of acid hits you!!
Ouch! That really hurt!
* * * LOW HITPOINT WARNING * * *
The acid corrodes you! The oklob sapling spits acid at you.
The splash of acid hits you!!
Ouch! That really hurt!
You die...

. #.... ..........##
..#######.# ...........#
#.#......#.# ...........#
#.#.......##
...........#####.#......##.
#.............##.#.......#.
#P.PP..P......##.######..#.
#....PP.......##.# #...+.
#P.P>.....@÷..##.#####...+.
..PPP.P....).............#W
#.P.PPP.....÷.##.######..#.
#..PP..P......##.# #.###
#.............##.######.###
#.............##...........
#...#########..#.##########
#... #....##........
+............<.


You could see an oklob sapling.

Vanquished Creatures
  5 adders
  An ufetubus (D:4)
  4 dart slugs
  5 endoplasms
  3 giant cockroaches
  5 goblins
  4 hobgoblins
  A quokka (D:2)
  9 ball pythons
  6 bats
  3 frilled lizards
  7 kobolds
  6 rats
59 creatures vanquished.

Vanquished Creatures (collateral kills)
  36 foxfires (D:4)
36 creatures vanquished.

Vanquished Creatures (others)
  97 foxfires
  8 plants (D:4)
105 creatures vanquished.

Grand Total: 200 creatures vanquished

Notes
Turn   | Place    | Note
-------+----------+-------------------------------------------
     0 | D:1      | kae the Tengu Fire Elementalist began the quest for the
                  | Orb.
     0 | D:1      | Reached XP level 1. HP: 10/10 MP: 4/4
   497 | D:1      | Reached XP level 2. HP: 15/15 MP: 4/6
   579 | D:1      | Learned a level 2 spell: Scorch
  1021 | D:1      | Reached XP level 3. HP: 20/20 MP: 7/7
  1271 | D:2      | Reached skill level 1 in Armour
  1580 | D:2      | Reached skill level 4 in Fire Magic
  1740 | D:2      | Reached skill level 1 in Fighting
  1740 | D:2      | Reached XP level 4. HP: 25/25 MP: 8/8
  1825 | D:2      | Found a faded altar of an unknown god.
  1833 | D:2      | Got Plato's Catalogue of Creation
  2802 | D:3      | Found a runed translucent door.
  2803 | D:3      | Noticed Crazy Yiuf
  3041 | D:4      | Found a large runed translucent door.
  3041 | D:4      | Found a large runed translucent door.
  3045 | D:4      | Noticed kae's ghost (novice TeFE)
  3256 | D:4      | Found a staircase to the Ecumenical Temple.
  3426 | D:4      | Killed from afar by an oklob sapling

Illustrated notes

Levels and vault maps discovered:
D:1:      lightli_arrival_windingriver, layout_rooms, minmay_tetromino_t4
D:2:      layout_rooms, shapermc_ecumenical_altar_rom_forum, solitary_fountain
D:3:      layout_basic, uniq_crazy_yiuf_cottage
D:4:      layout_basic, minmay_temple_entry_oklob, ebering_ghost_disaster_area

Skill      XL: |  1  2  3 |
---------------+----------+-----
Conjurations   | 2 |  2.4
Armour         | 1 |  1.5
Fire Magic     | 4 |  4.3
Fighting       | 1 |  1.2
Dodging        | |  2.9
Stealth        | |  2.0
Spellcasting   | |  2.3

Action                   |  1- 3 |  4- 6 || total
-------------------------+-------+-------++-------
Melee: Unarmed           |     3 |       ||     3
       Dagger            |    21 |     2 ||    23
       Kick              |     7 |     2 ||     9
       Peck              |     4 |     1 ||     5
 Cast: Foxfire           |    30 |    53 ||    83
       Scorch            |    25 |    11 ||    36
  Use: Scroll            |     4 |     5 ||     9
 Stab: Sleeping          |     2 |       ||     2
Armor: Robe              |     8 |    11 ||    19
Dodge: Dodged            |    54 |    28 ||    82
Block: Buckler           |       |     8 ||     8

Table legend: (Time is in decaauts)
 A = Elapsed time spent in this place.
 B = Non-inter-level travel time spent in this place.
 C = Inter-level travel time spent in this place.
 D = Time resting spent in this place.
 E = Time spent auto-exploring this place.
 F = Levels seen in this place.
 G = Mean time per level.
                   A        B        C        D        E       F      G
               +--------+--------+--------+--------+--------+-----+--------+
         Total |   3425 |   3244 |    181 |    109 |   2632 |   4 |  856.2 |
       Dungeon |   3425 |   3244 |    181 |    109 |   2632 |   4 |  856.2 |
               +--------+--------+--------+--------+--------+-----+--------+

Top non-repeatable levels by time:
     D:1: 1210 daAuts
     D:3: 1059 daAuts
     D:2: 753 daAuts
     D:4: 401 daAuts
